 Dungeon Crawl Stone Soup version 0.25-a0-719-gde951dce62 (webtiles) character file.

Game seed: 8005319385458708957, levelgen mode: deterministic

259896 vurker the Cloud Mage (level 19, -8/120 HPs)
             Began as a Tengu Air Elementalist on Apr 6, 2020.
             Was the Champion of Vehumet.
             Mangled by a vault warden
             ... wielding a +0 great sword
              (39 damage)
             ... on level 1 of the Vaults.
             The game lasted 01:46:57 (61613 turns).

vurker the Cloud Mage (Tengu Air Elementalist)     Turns: 61613, Time: 01:46:57

Health: -8/120     AC: 14    Str:  9    XL:     19   Next: 91%
Magic:  10/50      EV: 23    Int: 23    God:    Vehumet [******]
Gold:   4720       SH: 12    Dex: 15    Spells: 10/53 levels left

rFire    + . .     SeeInvis .   a - staff of air
rCold    . . .     Gourm    .   s - +0 buckler
rNeg     . . .     Faith    .   H - +2 robe {rF+}
rPois    .         Spirit   .   Y - +2 hat
rElec    +         Reflect  +   O - +2 cloak
rCorr    .         Harm     .   B - +0 pair of gloves
MR       +....     Clarity  +   (boots unavailable)
Stlth    ++........             w - +3 amulet of reflection
HPRegen  0.30/turn              h - +4 ring of protection
MPRegen  0.32/turn              N - ring of magical power

@: tornado, flying quickly and evasively, quick
A: beak, talons 3, large bone plates 1, clarity, able to fly
}: 2/15 runes: decaying, gossamer
a: Stop Flying, Renounce Religion


You were on level 1 of the Vaults.
You worshipped Vehumet.
Vehumet was exalted by your worship.
You were not hungry.

You visited 7 branches of the dungeon, and saw 33 of its levels.
You also visited: Bailey.

You collected 4776 gold pieces.
You spent 56 gold pieces at shops.

Inventory:

Hand Weapons
 Z - the +1 halberd of the Fox {vorpal, Str+2}
   (You took it off an ogre mage on level 1 of the Vaults)

   It inflicts extra damage upon your enemies.
   It affects your strength (+2).
Armour
 s - a +0 buckler (worn)
   (You took it off a spriggan on level 4 of the Swamp)
 B - a +0 pair of gloves (worn)
   (You found it on level 7 of the Dungeon)
 H - a +2 robe of fire resistance (worn)
   (You took it off a deep elf mage on level 9 of the Dungeon)
 O - a +2 cloak (worn)
   (You found it on level 10 of the Dungeon)
 Y - a +2 hat (worn)
   (You found it on level 2 of the Spider Nest)
Magical Staves
 a - an uncursed staff of air (weapon)
   (You found it on level 14 of the Dungeon)
 b - an uncursed staff of conjuration
   (You found it on level 14 of the Dungeon)
Jewellery
 f - an uncursed ring of fire
   (You took it off a goblin on level 1 of the Dungeon)
 h - a +4 ring of protection (left hand)
   (You found it on level 4 of the Dungeon)
 w - a +3 amulet of reflection (around neck)
   (You found it on level 7 of the Dungeon)
 y - an uncursed ring of resist corrosion
   (You found it on level 1 of the Vaults)
 M - an uncursed ring of protection from cold
   (You took it off a gnoll sergeant on level 9 of the Dungeon)
 N - a ring of magical power (right hand)
   (You took it off a gnoll on level 9 of the Dungeon)
Wands
 c - a wand of disintegration (25)
   (You found it on level 9 of the Dungeon)
 d - a wand of iceblast (4)
   (You took it off a gnoll sergeant on level 11 of the Dungeon)
 t - a wand of flame (20)
   (You took it off Edmund on level 5 of the Dungeon)
 u - a wand of paralysis (34)
   (You found it on level 11 of the Dungeon)
 v - a wand of digging (4)
   (You found it on level 2 of the Swamp)
 x - a wand of acid (18)
   (You found it on level 1 of the Lair of Beasts)
 R - a wand of clouds (6)
   (You found it on level 2 of the Spider Nest)
 V - a wand of polymorph (8)
   (You found it on level 9 of the Dungeon)
Scrolls
 i - 6 scrolls of immolation
 k - 3 scrolls of magic mapping
 l - 7 scrolls of fear
 m - 10 scrolls of remove curse
 o - 12 scrolls of teleportation
 p - 4 scrolls of identify
 r - a scroll of silence
 D - 2 scrolls of enchant armour
 F - 4 scrolls of fog
 L - a scroll of summoning
 W - a scroll of blinking
 X - a scroll of amnesia
Potions
 g - 2 potions of mutation
 j - 2 potions of cancellation
 n - 8 potions of heal wounds
 q - a potion of magic
 z - 12 potions of curing
 A - 4 potions of ambrosia
 G - 5 potions of haste
 P - 4 potions of brilliance
 T - 7 potions of lignification
Miscellaneous
 J - a box of beasts
 K - a phantom mirror
 S - a phial of floods
   (You found it on level 14 of the Dungeon)
 U - a lightning rod (4/4)
   (You found it on level 14 of the Dungeon)
Comestibles
 e - 22 rations


   Skills:
 + Level 13.9 Fighting
 - Level 10.0 Dodging
 - Level 2.0 Stealth
 - Level 4.0 Shields
 * Level 17.6 Spellcasting
 + Level 17.3 Conjurations
 * Level 23.4 Air Magic


You had 10 spell levels left.
You knew the following spells:

 Your Spells              Type           Power        Failure   Level  Hunger
a - Orb of Destruction    Conj           #######...   1%          7    #####..
b - Lightning Bolt        Conj/Air       ########..   0%          5    None
c - Airstrike             Air            ########..   0%          4    None
e - Iron Shot             Conj/Erth      ######....   3%          6    ####...
f - Tornado               Air            ########..   5%          9    #######
x - Conjure Ball Lightni  Conj/Air       ########..   1%          6    ####...
z - Freezing Cloud        Conj/Ice/Air   #######...   1%          6    ####...

Your spell library contained the following spells:

 Spells                   Type           Power        Failure   Level  Hunger
 Chain Lightning          Conj/Air       ########..   1%          8    #######
 Ignition                 Fire           ###.......   100%        8    #######
 Absolute Zero            Ice            ###.......   100%        9    #######
 Magic Dart               Conj           ####         0%          1    None
 Shock                    Conj/Air       ####         0%          1    None
 Static Discharge         Conj/Air       ########     0%          3    None
 Foxfire                  Conj/Fire      ####         1%          1    None
 Swiftness                Chrm/Air       #######.     1%          2    None
 Conjure Flame            Conj/Fire      ######..     1%          3    None
 Dazzling Flash           Conj/Hex       ######       1%          3    None
 Mephitic Cloud           Conj/Pois/Air  #######.     1%          3    None
 Sticky Flame             Conj/Fire      ######..     1%          4    None
 Summon Lightning Spire   Summ/Air       #######.     1%          4    None
 Bolt of Magma            Conj/Fire/Erth #####.....   1%          5    None
 Fireball                 Conj/Fire      ######....   1%          5    None
 Apportation              Tloc           ###...       2%          1    None
 Corona                   Hex            ###....      2%          1    None
 Summon Butterflies       Summ           ###.....     2%          1    None
 Summon Small Mammal      Summ           ###.         2%          1    None
 Ignite Poison            Fire/Tmut/Pois ###.....     2%          3    None
 Inner Flame              Hex/Fire       ###.....     2%          3    None
 Blink                    Tloc           N/A          4%          2    None
 Call Imp                 Summ           ###.....     4%          2    None
 Ensorcelled Hibernation  Hex/Ice        ###...       4%          2    None
 Passwall                 Tmut/Erth      ###.....     4%          2    None
 Slow                     Hex            ###.....     4%          2    None
 Call Canine Familiar     Summ           ###.....     8%          3    None
 Confusing Touch          Hex            ###.....     8%          3    None
 Lesser Beckoning         Tloc           ###.......   8%          3    None
 Portal Projectile        Hex/Tloc       ###...       8%          3    None
 Summon Guardian Golem    Hex/Summ       ###.....     8%          3    None
 Tukima's Dance           Hex            ###.....     8%          3    None
 Lee's Rapid Deconstruct  Erth           ###.......   19%         5    None
 Cause Fear               Hex            ###.......   26%         4    None
 Ice Form                 Ice/Tmut       ###.....     26%         4    None
 Leda's Liquefaction      Hex/Erth       ###.......   26%         4    None
 Summon Ice Beast         Ice/Summ       ###.....     26%         4    None
 Alistair's Intoxication  Tmut/Pois      ###.....     58%         5    None
 Metabolic Englaciation   Hex/Ice        ###.......   58%         5    None
 Ozocubu's Refrigeration  Ice            ###.......   67%         6    ####...
 Invisibility             Hex            ###.....     99%         6    ####...
 Simulacrum               Ice/Necr       ###.......   99%         6    ####...
 Summon Hydra             Summ           ###.......   100%        7    #####..


Dungeon Overview and Level Annotations

Branches:
Dungeon (15/15)            Temple (1/1) D:7            Lair (6/6) D:8
  Swamp (4/4) Lair:3       Spider (4/4) Lair:3        Slime (0/5) Lair:6
    Orc (2/2) D:9             Elf (0/3) Orc:2        Vaults (1/5) D:14
 Depths (0/5) D:15         Bailey (visited)

Altars:
Ashenzari
Cheibriados
Gozag
Makhleb
Nemelex Xobeh
Qazlal
Sif Muna
Uskayaw
Vehumet
Zin
Beogh
Jiyva

Shops:
Orc:2 **[(

Annotations:
Lair:3 2 transporters, Flugslaktarn's ghost, journeyman DDFi
Swamp:1 1 transporter
Spider:4 Roxanne


Innate Abilities, Weirdness & Mutations

You have a beak for a mouth.
You have claws for feet.
You can fly continuously.
You are partially covered in large bone plates. (SH +4)
You possess an exceptional clarity of mind.


Message History

The yaktaur shoots a bolt.
The bolt misses you.
The bolt closely misses the entropy weaver.
The vault warden throws a stone.
The stone hits you!
* * * LOW HITPOINT WARNING * * *
Things that are here:
a stone; a +3 long sword; a cursed +0 plate armour You kill the entropy weaver!
Vehumet accepts your kill.
You feel your power returning.
The entropy weaver's shape twists and changes as it dies.
The winds around you start to calm down.
You are engulfed in raging winds.
The vault warden throws a stone.
The stone barely misses you.
The yaktaur shoots a bolt.
You reflect the bolt off an invisible shield around you!
The bolt hits the yaktaur!!
You are engulfed in raging winds.
The vault warden throws a stone.
You reflect the stone off an invisible shield around you!
The stone hits the vault warden but does no damage.
Aim: a vault warden, wielding a +0 great sword, wearing a +0 plate armour, wearing a cursed ring of attention and quivering 36 stones (raging winds, lightly wounded)
You feel a surge of power!
The air twists around and strikes the vault warden!
You are engulfed in raging winds.
The yaktaur shoots a bolt.
The bolt hits you!
* * * LOW HITPOINT WARNING * * *
The vault warden throws a stone.
You reflect the stone off an invisible shield around you!
The stone hits the vault warden!
You feel much better. The winds around you calm down.
The yaktaur shoots a bolt.
You reflect the bolt off an invisible shield around you!
The bolt hits the yaktaur!!
You feel a surge of power!
A great vortex of raging winds appears around you.
The vault warden throws a stone.
You reflect the stone off an invisible shield around you!
The stone barely misses the vault warden.
The yaktaur shoots a bolt.
The bolt hits you!!
* * * LOW HITPOINT WARNING * * *
Unknown command.
The vault warden activates a sealing rune.
A door slams shut!
You kill the yaktaur!
Vehumet accepts your kill.
You feel your power returning. You block the vault warden's attack.
The vault warden throws a stone.
You reflect the stone off an invisible shield around you!
The stone hits the vault warden but does no damage.
You hear a shout!
The vault warden hits you with a +0 great sword!!!
You die...

.#......# #(.+..#
+######## #)(#..#
....# #§§#..)H)
....### #§§#).####
##....# #§§#..#
#....# #§§#..#
###..# #§§#.)# #..#
#§§#..#
###..##########@p#
#..[.).......##§§#
##....#..))...##§§#
....###...)...##§§#
....# #...)).)#§§§#
##### #.......+§§§#
##'#######.(# #...
#..# #.... #..#


You could see a vault warden.

Vanquished Creatures
  Jorgrun (Orc:1)
  Frances (D:13)
  5 thorn hunters
  Kirke (Spider:1)
  A frost giant (D:15)
  4 ghost moths
  Aizul (Swamp:2)
  A vault warden (Vaults:1)
  5 emperor scorpions
  3 ironheart preservers (Vaults:1)
  An entropy weaver (shapeshifter) (Vaults:1)
  3 entropy weavers
  A vampire knight (Vaults:1)
  5 yaktaur captains
  An ice dragon (Vaults:1)
  A catoblepas (Lair:6)
  Erolcha (D:12)
  19 hydras
  6 vault guards (Vaults:1)
  5 ghost crabs
  4 centaur warriors
  4 shambling mangroves
  14 two-headed ogres
  15 death yaks
  16 alligators
  3 ogre magi
  A death knight (D:15)
  Urug (D:13)
  A deep troll shaman (Lair:6)
  A deep elf knight (D:15)
  5 orc high priests (Orc:2)
  8 spriggans
  4 unseen horrors
  A deep troll (shapeshifter) (Vaults:1)
  A shadow wraith (Vaults:1)
  A flayed ghost (Vaults:1)
  3 spriggan druids
  5 lindwurms
  14 swamp dragons
  A deep elf archer (D:15)
  4 ironbrand convokers (Vaults:1)
  2 phantasmal warriors
  An orange crystal statue (D:14)
  Pikel (D:5)
  3 deep elf magi
  5 orc sorcerers
  26 wolf spiders
  6 orc knights
  16 orb spiders
  3 manticores
  A moth of wrath (Spider:4)
  32 ugly things
  4 cyclopes
  24 elephants
  4 centaur zombies
  A vault sentinel (Vaults:1)
  6 black mambas
  26 spiny frogs
  A torpor snail (Spider:1)
  5 centaur skeletons
  12 yaktaurs
  A kobold demonologist (D:13)
  7 komodo dragons
  10 rime drakes
  7 demonic crawlers
  2 freezing wraiths (D:14)
  A queen bee (D:10)
  4 polar bears
  A tengu conjurer (D:15)
  27 jumping spiders
  5 trolls
  17 hornets
  10 tyrant leeches
  15 hippogriffs
  6 dream sheep
  18 slime creatures
  A dream sheep (shapeshifter) (Vaults:1)
  7 blink frogs (Lair:6)
  7 bog bodies
  33 tarantellas
  2 wraiths
  65 redbacks
  A tarantella (shapeshifter) (D:9)
  103 yaks
  6 hogs (Spider:1)
  3 shadows
  A spriggan (shapeshifter) (Vaults:1)
  2 vampires
  9 wyverns
  Eustachio (D:4)
  5 hungry ghosts
  7 basilisks
  3 wargs (Orc:2)
  12 vampire mosquitoes
  A steam dragon (D:11)
  A yaktaur simulacrum (Vaults:1)
  Edmund (D:5)
  2 acid dragons
  Menkaure (D:6)
  A soldier ant (D:13)
  15 swamp worms
  7 insubstantial wisps
  9 water moccasins
  A hell hound (D:14)
  9 porcupines
  25 orc warriors
  9 swamp drakes
  7 ice beasts
  A sky beast (D:8)
  An eye of draining (D:15)
  21 ogres
  6 black bears
  4 phantoms
  A necrophage (D:14)
  19 wolves
  11 centaurs
  10 crocodiles
  2 big kobolds
  24 bullfrogs
  2 gnoll sergeants
  A scorpion (D:8)
  30 killer bees
  7 wights
  6 howler monkeys
  2 electric eels
  10 crimson imps
  3 bullfrog zombies
  A quasit (D:7)
  13 hounds
  4 jellies
  18 orc priests
  Crazy Yiuf (D:5)
  2 bullfrog skeletons
  5 iguanas
  Ijyb (D:4)
  16 orc wizards
  14 worker ants
  3 hound skeletons
  A worker ant zombie (D:9)
  19 gnolls
  A howler monkey skeleton (D:9)
  10 adders
  5 shadow imps
  An ooze (D:3)
  2 adder skeletons
  An adder zombie (D:9)
  5 worms
  4 leopard geckos
  67 orcs
  A ball python (D:7)
  2 giant cockroaches
  4 goblins
  11 hobgoblins
  12 jackals
  2 quokkas
  4 bats
  5 frilled lizards
  A jackal skeleton (D:7)
  27 kobolds
  A fungus (Lair:4)
  5 plants (Lair:6)
1270 creatures vanquished.

Vanquished Creatures (others)
  A shambling mangrove (Swamp:2)
  2 centaur warriors
  129 ball lightnings
  A yaktaur (D:15)
  2 slaves (D:5)
  3 centaurs
  A crimson imp (D:5)
  3 bushes (Lair:6)
  19 fungi
  19 plants
  4 toadstools (D:5)
184 creatures vanquished.

Grand Total: 1454 creatures vanquished

Notes
Turn   | Place    | Note
-------+----------+-------------------------------------------
     0 | D:1      | vurker the Tengu Air Elementalist began the quest for the
                  | Orb.
     0 | D:1      | Reached XP level 1. HP: 10/10 MP: 4/4
   257 | D:1      | Reached XP level 2. HP: 12/16 MP: 0/6
   591 | D:1      | Reached XP level 3. HP: 20/20 MP: 3/7
   979 | D:2      | Reached skill level 1 in Fighting
  1694 | D:2      | Reached XP level 4. HP: 4/25 MP: 0/9
  1964 | D:2      | Reached skill level 5 in Air Magic
  2909 | D:4      | Gained mutation: You can fly continuously. [Tengu growth]
  2909 | D:4      | Reached XP level 5. HP: 21/29 MP: 4/10
  2918 | D:3      | Learned a level 5 spell: Lightning Bolt
  2923 | D:3      | Learned a level 4 spell: Airstrike
  3071 | D:4      | Noticed Ijyb
  3075 | D:4      | Killed Ijyb
  3373 | D:4      | Reached XP level 6. HP: 28/35 MP: 1/12
  3522 | D:4      | Reached skill level 6 in Air Magic
  3789 | D:4      | Found an opulent altar of Gozag.
  3981 | D:4      | Noticed Eustachio
  3984 | D:4      | Killed Eustachio
  3984 | D:4      | Reached XP level 7. HP: 40/40 MP: 0/14
  4207 | D:4      | Found a snail-covered altar of Cheibriados.
  4208 | D:4      | Found a sparkling altar of Nemelex Xobeh.
  4309 | D:5      | Entered Level 5 of the Dungeon
  4318 | D:5      | Noticed Edmund
  4491 | D:5      | Noticed Pikel
  4497 | D:5      | Killed Pikel
  4497 | D:5      | Reached skill level 5 in Spellcasting
  4497 | D:5      | Reached skill level 7 in Air Magic
  4497 | D:5      | Reached XP level 8. HP: 46/46 MP: 2/16
  4577 | D:5      | Reached skill level 8 in Air Magic
  4889 | D:5      | Killed Edmund
  4889 | D:5      | Reached skill level 5 in Conjurations
  5319 | D:5      | Found a runed translucent door.
  5320 | D:5      | Noticed Crazy Yiuf
  5500 | D:5      | Killed Crazy Yiuf
  5866 | D:6      | Reached skill level 9 in Air Magic
  6193 | D:6      | Reached XP level 9. HP: 51/52 MP: 16/19
  6518 | D:6      | Noticed Menkaure
  6520 | D:6      | Killed Menkaure
  6668 | D:6      | Gained mutation: You are partially covered in large bone
                  | plates. (SH +4) [potion of mutation]
  6668 | D:6      | Gained mutation: You evolve. [potion of mutation]
  6866 | D:7      | Found a staircase to the Ecumenical Temple.
  6875 | D:7      | Reached skill level 10 in Air Magic
  6897 | D:6      | Gained mutation: You possess an exceptional clarity of
                  | mind. [evolution]
  6897 | D:6      | Lost mutation: You evolve. [end of evolution]
  7618 | D:7      | Reached skill level 5 in Fighting
  7727 | Temple   | Entered the Ecumenical Temple
  7737 | Temple   | Became a worshipper of Vehumet
  8230 | D:8      | Noticed a two-headed ogre
  8234 | D:8      | Killed a two-headed ogre
  8234 | D:8      | Reached skill level 11 in Air Magic
  8234 | D:8      | Reached XP level 10. HP: 59/59 MP: 5/22
  8537 | D:8      | Found a staircase to the Lair.
  9021 | D:8      | Found a stormy altar of Qazlal.
  9036 | D:8      | Reached * piety under Vehumet
  9036 | D:8      | Offered knowledge of Freeze by Vehumet.
  9610 | D:9      | Reached skill level 12 in Air Magic
 10129 | D:9      | Found a staircase to the Orcish Mines.
 10146 | D:9      | Reached ** piety under Vehumet
 10146 | D:9      | Offered knowledge of Searing Ray by Vehumet.
 10825 | D:9      | Reached XP level 11. HP: 66/66 MP: 16/25
 11291 | D:9      | Offered knowledge of Inner Flame by Vehumet.
 11291 | D:9      | Reached skill level 13 in Air Magic
 11716 | D:9      | Noticed a two-headed ogre
 11721 | D:9      | Killed a two-headed ogre
 11871 | D:9      | Reached *** piety under Vehumet
 11872 | D:9      | Noticed a deep elf mage
 11876 | D:9      | Killed a deep elf mage
 12055 | D:9      | Identified the Incunabulum of the Glacier and the Rocks
 12122 | D:9      | Identified the cursed +1 triple crossbow of Ahaamp {flame,
                  | rN+}
 12607 | D:10     | Entered Level 10 of the Dungeon
 13053 | D:10     | Killed an unseen horror
 13098 | D:10     | Offered knowledge of Hailstorm by Vehumet.
 13143 | D:10     | Reached skill level 10 in Spellcasting
 13310 | D:10     | Reached **** piety under Vehumet
 13602 | D:10     | Reached skill level 14 in Air Magic
 13735 | D:10     | Reached skill level 10 in Conjurations
 13778 | D:10     | Offered knowledge of Mephitic Cloud by Vehumet.
 13778 | D:10     | Reached XP level 12. HP: 61/73 MP: 8/27
 15260 | D:11     | Reached skill level 15 in Air Magic
 15346 | D:11     | Reached ***** piety under Vehumet
 15466 | D:11     | Noticed a two-headed ogre
 15471 | D:11     | Killed a two-headed ogre
 15637 | D:11     | Noticed a two-headed ogre
 15641 | D:11     | Killed a two-headed ogre
 15641 | D:11     | Offered knowledge of Iron Shot by Vehumet.
 16080 | Lair:1   | Entered Level 1 of the Lair of Beasts
 16310 | Lair:1   | Learned a level 6 spell: Freezing Cloud
 16317 | Lair:1   | Learned a level 6 spell: Iron Shot
 17442 | Lair:2   | Reached XP level 13. HP: 79/79 MP: 19/29
 18401 | Lair:2   | Identified a scroll of acquirement
 18932 | Lair:3   | Reached skill level 16 in Air Magic
 19054 | Lair:3   | Found a transporter.
 19071 | Lair:3   | Found a transporter.
 19113 | Lair:3   | Noticed Flugslaktarn's ghost (journeyman DDFi)
 19266 | Lair:3   | Found a staircase to the Swamp.
 19289 | Lair:3   | You are sucked into a shaft and drop 2 floors!
 19878 | Lair:4   | Reached skill level 5 in Dodging
 21280 | Lair:3   | Found a hole to the Spider Nest.
 22540 | Lair:4   | HP: 4/80 [komodo dragon (17)]
 22548 | Lair:4   | HP: 4/80 [bullfrog (5)]
 22551 | Lair:4   | Offered knowledge of Spellforged Servitor by Vehumet.
 22553 | Lair:4   | Reached XP level 14. HP: 35/86 MP: 17/31
 22856 | Lair:5   | Reached skill level 17 in Air Magic
 24727 | Lair:6   | Entered Level 6 of the Lair of Beasts
 24729 | Lair:6   | Offered knowledge of Yara's Violent Unravelling by Vehumet.
 24738 | Lair:6   | Reached skill level 10 in Fighting
 26356 | Lair:6   | Reached skill level 18 in Air Magic
 26422 | Lair:6   | Got a bloodstained leather armour
 26433 | Lair:6   | Identified the +2 leather armour of Prudence {*Corrode
                  | rElec Dex+6} (You found it on level 6 of the Lair of
                  | Beasts)
 26873 | Lair:6   | Got an ichor-stained morningstar
 26874 | Lair:6   | Identified the +9 morningstar "Bayh Duonays" {vorpal,
                  | Str+4} (You found it on level 6 of the Lair of Beasts)
 27074 | Lair:6   | Reached XP level 15. HP: 35/92 MP: 26/33
 27386 | Lair:6   | Offered knowledge of Conjure Ball Lightning by Vehumet.
 27394 | Lair:6   | Learned a level 6 spell: Conjure Ball Lightning
 28339 | Lair:6   | Found a viscous altar of Jiyva.
 28339 | Lair:6   | Found a staircase to the Slime Pits.
 28517 | Orc:1    | Entered Level 1 of the Orcish Mines
 28526 | Orc:1    | Noticed Jorgrun
 28532 | Orc:1    | Killed Jorgrun
 28898 | Orc:1    | Found a roughly hewn altar of Beogh.
 29216 | Orc:2    | Entered Level 2 of the Orcish Mines
 29930 | Orc:2    | Found a roughly hewn altar of Beogh.
 29984 | Orc:2    | Found a staircase to the Elven Halls.
 30544 | Orc:2    | Paralysed by an orc sorcerer for 5 turns
 30891 | Orc:2    | Found Adiukiju's Antique Weapon Emporium.
 30891 | Orc:2    | Found Uggauc's Armour Boutique.
 30894 | Orc:2    | Found Unloj's General Store.
 30894 | Orc:2    | Found Modon's General Store.
 30902 | Orc:2    | Bought a scroll of fear for 56 gold pieces
 31266 | D:12     | Reached skill level 19 in Air Magic
 31391 | D:12     | Got a fine whip
 31392 | D:12     | Identified the +10 whip "Wouletyrik" {vamp, Dex+5} (You
                  | found it on level 12 of the Dungeon)
 31721 | D:12     | Noticed Erolcha
 31726 | D:12     | Killed Erolcha
 32893 | D:13     | Found a flagged portal.
 32901 | Bailey   | Entered a bailey
 33217 | Bailey   | Found an iron altar of Okawaru.
 33236 | Bailey   | Got a scorched chain mail
 33237 | Bailey   | Identified the +2 chain mail "Caopib" {rF++ Stlth+} (You
                  | found it in a bailey)
 33330 | D:13     | Offered knowledge of Orb of Destruction by Vehumet.
 33343 | D:13     | Learned a level 7 spell: Orb of Destruction
 33720 | D:13     | Noticed Urug
 33725 | D:13     | Killed Urug
 33894 | D:13     | Noticed Frances
 33902 | D:13     | Killed Frances
 33902 | D:13     | Reached XP level 16. HP: 92/100 MP: 4/35
 34721 | D:14     | Found a gate to the Vaults.
 35095 | D:14     | Got a twitching emerald amulet
 36093 | D:15     | Entered Level 15 of the Dungeon
 37617 | D:15     | Reached ****** piety under Vehumet
 38047 | D:15     | Offered knowledge of Starburst by Vehumet.
 38921 | D:15     | Reached skill level 20 in Air Magic
 39375 | D:15     | Identified the amulet "Ryzacaub" {Inacc Stlth+} (You found
                  | it on level 14 of the Dungeon)
 39588 | D:15     | Found a staircase to the Depths.
 40413 | Swamp:1  | Entered Level 1 of the Swamp
 40859 | Swamp:1  | Reached skill level 10 in Dodging
 40862 | Swamp:1  | Reached skill level 15 in Spellcasting
 41178 | Swamp:1  | Reached XP level 17. HP: 35/106 MP: 34/37
 41564 | Swamp:1  | Reached skill level 15 in Conjurations
 41757 | Swamp:1  | Found a transporter.
 42229 | Swamp:2  | Noticed Aizul
 42381 | Swamp:2  | Killed Aizul
 43156 | Swamp:2  | Identified the Papyrus of Creative Fire
 44198 | Swamp:3  | Offered knowledge of Starburst by Vehumet.
 44285 | Swamp:3  | Got a bloodstained fustibalus
 44286 | Swamp:3  | Identified the +6 fustibalus of Power {flame, +Blink} (You
                  | found it on level 3 of the Swamp)
 44392 | Swamp:3  | Reached skill level 21 in Air Magic
 45835 | Swamp:4  | Entered Level 4 of the Swamp
 46165 | Swamp:4  | HP: 5/108 [swamp worm (11)]
 47828 | Swamp:4  | Reached XP level 18. HP: 113/113 MP: 4/39
 48377 | Swamp:4  | Reached skill level 1 in Shields
 48703 | Swamp:4  | Got a decaying rune of Zot
 48969 | Swamp:4  | Identified the Grimoire of Lightness
 48981 | Swamp:4  | Learned a level 9 spell: Tornado
 49352 | Spider:1 | Entered Level 1 of the Spider Nest
 49515 | Spider:1 | Got a polished battleaxe
 51790 | Spider:2 | Offered knowledge of Chain Lightning by Vehumet.
 51790 | Spider:2 | Offered knowledge of Ignition by Vehumet.
 51790 | Spider:2 | Offered knowledge of Absolute Zero by Vehumet.
 52726 | Spider:3 | Reached skill level 22 in Air Magic
 54047 | Spider:4 | Entered Level 4 of the Spider Nest
 55097 | Spider:4 | Noticed Roxanne
 56110 | Spider:4 | Reached XP level 19. HP: 119/119 MP: 15/40
 58092 | Spider:4 | Got a gossamer rune of Zot
 58262 | Spider:1 | Noticed Kirke
 58268 | Spider:1 | Killed Kirke
 58505 | Vaults:1 | Entered Level 1 of the Vaults
 59134 | Vaults:1 | Identified the +1 halberd of the Fox {vorpal, Str+2}
 59645 | Vaults:1 | Reached skill level 23 in Air Magic
 61613 | Vaults:1 | Mangled by a vault warden

Levels and vault maps discovered:
D:1:      minmay_arrival_wavy_path, layout_basic
D:2:      layout_basic
D:3:      layout_rooms
D:4:      layout_loops_cross, nicolae_overflow_crystal_walls,
          gammafunk_temple_overflow_statue, first_ration, cheibrodos_gnoll_hut,
          uniq_eustachio, uniq_ijyb
D:5:      layout_basic, minmay_gold_behind_fungi, uniq_edmund,
          uniq_crazy_yiuf_cottage, uniq_pikel
D:6:      cheibrodos_fzero, layout_basic, supply_closet_lemuel, uniq_menkaure
D:7:      layout_basic, minmay_temple_entry_junction_2
D:8:      layout_rooms, kennysheep_mini_moat, lair_entry_dummy
D:9:      minmay_the_grid_four_pointed_star [minmay_the_grid_triangle_9x9_alien,
          minmay_the_grid_triangle_9x9_windchime,
          minmay_the_grid_triangle_9x9_steps,
          minmay_the_grid_triangle_9x9_from_above,
          minmay_the_grid_prize_diamond_cup], layout_stronghold, orc_0_dummy
D:10:     layout_long_grid, david_nohive_1
D:11:     layout_small_grid
D:12:     layout_long_grid, uniq_erolcha
D:13:     layout_rooms, enter_bailey_2, grunt_ministairs_15, uniq_urug,
          uniq_frances
D:14:     layout_roguey [special_room_mythical_zoo], david_vaults_2,
          amethyst_killhole, minivault_15
D:15:     grunt_enter_depths_snipers, layout_rooms, minmay_misc_feat_x
Temple:   regret_index_temple_mists
Lair:1:   layout_concentric_octagons, gauntlet_entry_generic,
          infiniplex_staircase_pool
Lair:2:   beast_lair_carwin_large_1, layout_concentric_octagons
Lair:3:   layout_regular_city, swamp_mist_pool, spider_nest_entry_a,
          gammafunk_ghost_berserking_beasts, chequers_serial_rivers_micro_b,
          infiniplex_staircase_pool_2
Lair:4:   layout_cave_pods
Lair:5:   layout_misc_corridors, chequers_serial_rivers_small_a,
          grunt_megastairs_2
Lair:6:   grunt_lair_end_beastmaster, layout_gridlike,
          dpeg_slime_entry_enclosed_altar
Swamp:1:  gammafunk_its_a_trap, layout_basic_swamp, evilmike_swamp_ruin_house_2,
          swamp_pool5, hangedman_swamp_wriggling
Swamp:2:  layout_basic_swamp, evilmike_swamp_ruin_house_1, uniq_aizul
Swamp:3:  layout_basic_swamp, evilmike_swamp_ruin_house_5
Swamp:4:  swamp_alternative, layout_basic_swamp
Spider:1: layout_chambers, uniq_kirke
Spider:2: layout_spider_delve, drop_trap
Spider:3: layout_spider_delve
Spider:4: spider_rune_water, drop_trap, uniq_roxanne
Orc:1:    layout_diamond_mine, basic_altar, rock_pile, uniq_jorgrun
Orc:2:    grunt_orc_tribal_feast, layout_diamond_mine, bh_open_orc_temple
Vaults:1: v_misc_22, serial_ice_g, st_greater_box_4, ontoclasm_vaults_hangar,
          vaults_room_semicircle, nicolae_vaults_theta,
          ontoclasm_vaults_misaligned, v_misc_11, ontoclasm_vaults_spin,
          ontoclasm_vaults_idyll, nicolae_vaults_specimen_jars,
          hangedman_vaults_impose, ontoclasm_vaults_decontamination,
          grunt_vaults_swirl, ontoclasm_vaults_fault, layout_vaults_maze

Skill      XL: |  1  2  3  4  5  6  7  8  9 10 11 12 13 14 15 16 17 18 19 |
---------------+----------------------------------------------------------+-----
Conjurations   | 2 3 4 5 7 8 10 11 12 13 14 15 16 17 | 17.3
Fighting       | 1 2 3 4 5 6 7 8 9 10 11 12 13 | 13.9
Air Magic      | 5 6 7 9 11 12 14 15 16 18 19 20 21 22 23 | 23.4
Spellcasting   | 3 4 5 6 7 9 10 11 12 13 14 15 16 17 | 17.6
Dodging        | 3 5 7 8 10 | 10.0
Shields        | 4 |  4.0
Stealth        | |  2.0

Action                   |  1- 3 |  4- 6 |  7- 9 | 10-12 | 13-15 | 16-18 | 19-21 || total
-------------------------+-------+-------+-------+-------+-------+-------+-------++-------
Melee: Short sword       |    25 |     1 |     9 |       |       |       |       ||    35
       Peck              |     2 |       |     6 |     9 |    15 |     4 |     3 ||    39
       Kick              |     3 |       |     5 |    12 |    29 |     5 |       ||    54
       Rapier            |       |       |    23 |    79 |    27 |       |       ||   129
       Whip              |       |       |       |       |    34 |     4 |       ||    38
       Morningstar       |       |       |       |       |    12 |       |       ||    12
       Staff             |       |       |       |       |       |    11 |     8 ||    19
 Cast: Shock             |    70 |   100 |   247 |   149 |    18 |     4 |       ||   588
       Airstrike         |       |     2 |    20 |   297 |   696 |   950 |   183 ||  2148
       Lightning Bolt    |       |       |     1 |     6 |    35 |       |       ||    42
       Freezing Cloud    |       |       |       |     3 |    28 |    25 |     6 ||    62
       Conjure Ball Ligh |       |       |       |       |    21 |    31 |     4 ||    56
       Orb of Destructio |       |       |       |       |     1 |    44 |    13 ||    58
       Tornado           |       |       |       |       |       |     1 |    21 ||    22
 Abil: Fly               |       |       |     1 |       |       |       |       ||     1
Evoke: Wand              |       |       |       |       |     4 |    10 |    22 ||    36
  Use: Scroll            |     5 |    11 |     4 |     7 |    10 |     6 |     5 ||    48
       Potion            |       |       |     1 |     1 |     2 |     7 |     1 ||    12
  Eat: Chunk             |     3 |     7 |    12 |    32 |    50 |    27 |    10 ||   141
       Ration            |       |       |     1 |     4 |     5 |    19 |     8 ||    37
Armor: Robe              |     5 |     9 |    22 |     7 |       |       |    16 ||    59
       Troll leather arm |       |       |       |    27 |    38 |       |       ||    65
       Skin              |       |       |       |    50 |       |       |       ||    50
       Leather armour    |       |       |       |       |    24 |    74 |    33 ||   131
Dodge: Dodged            |    23 |    38 |    90 |   118 |   268 |   305 |    85 ||   927
Block: Other             |       |       |    21 |    57 |   116 |    92 |       ||   286
       Reflection        |       |       |       |       |    10 |    23 |     9 ||    42
       Buckler           |       |       |       |       |       |    92 |    82 ||   174

Table legend:
 A = Non-vault XP
 B = Vault XP
 C = Vault XP percentage of total XP
 D = Non-vault monster count
 E = Vault monster count
 F = Vault count percentage of total count
                 A         B        C        D         E       F
            +---------+---------+-------+---------+---------+-------
      Total |  274042 |  118200 |  30.1 |     982 |     289 |  22.7
            +---------+---------+-------+---------+---------+-------
        D:1 |      38 |       0 |   0.0 |      20 |       0 |   0.0
        D:2 |      68 |       0 |   0.0 |      18 |       0 |   0.0
        D:3 |      67 |       0 |   0.0 |       9 |       0 |   0.0
        D:4 |     120 |     332 |  73.5 |      10 |       5 |  33.3
        D:5 |     198 |     816 |  80.5 |      11 |       3 |  21.4
        D:6 |     664 |     552 |  45.4 |      18 |      14 |  43.8
        D:7 |    1307 |       0 |   0.0 |      32 |       0 |   0.0
        D:8 |    2949 |       0 |   0.0 |      26 |       0 |   0.0
        D:9 |    4996 |    2078 |  29.4 |      56 |      11 |  16.4
       D:10 |    4780 |    1235 |  20.5 |      31 |      16 |  34.0
       D:11 |    7249 |       0 |   0.0 |      42 |       0 |   0.0
       D:12 |    4110 |     959 |  18.9 |      25 |       1 |   3.8
       D:13 |    4142 |    4201 |  50.4 |      32 |       6 |  15.8
       D:14 |   10690 |   10062 |  48.5 |      30 |      29 |  49.2
       D:15 |   17434 |    3031 |  14.8 |      46 |       3 |   6.1
     Lair:1 |    4472 |       0 |   0.0 |      22 |       0 |   0.0
     Lair:2 |    3918 |    1532 |  28.1 |      18 |       8 |  30.8
     Lair:3 |    6338 |    1285 |  16.9 |      20 |       5 |  20.0
     Lair:4 |   13300 |     670 |   4.8 |      40 |       2 |   4.8
     Lair:5 |   11278 |     538 |   4.6 |      32 |       3 |   8.6
     Lair:6 |   18534 |   10858 |  36.9 |      63 |      21 |  25.0
    Swamp:1 |   16548 |    1353 |   7.6 |      27 |       6 |  18.2
    Swamp:2 |   17907 |    1676 |   8.6 |      32 |       1 |   3.0
    Swamp:3 |   16437 |     711 |   4.1 |      37 |       1 |   2.6
    Swamp:4 |   12446 |   17259 |  58.1 |      27 |      23 |  46.0
   Spider:1 |   15660 |    3150 |  16.7 |      39 |       7 |  15.2
   Spider:2 |   12994 |       0 |   0.0 |      32 |       0 |   0.0
   Spider:3 |    9366 |       0 |   0.0 |      23 |       0 |   0.0
   Spider:4 |   15623 |   21504 |  57.9 |      54 |      39 |  41.9
      Orc:1 |    2326 |    2992 |  56.3 |      26 |       3 |  10.3
      Orc:2 |    2713 |    8876 |  76.6 |      20 |      38 |  65.5
   Vaults:1 |   35370 |   22112 |  38.5 |      64 |      28 |  30.4
     Bailey |       0 |     418 | 100.0 |       0 |      16 | 100.0
            +---------+---------+-------+---------+---------+-------
